 Dungeon Crawl Stone Soup version 0.13-a0-2236-g7be3fc8 (webtiles) character file.

80 Kae the Firebug (level 3, -1/19 HPs)
             Began as a Tengu Fire Elementalist on July 4, 2013.
             Slain by an adder (4 damage)
             ... on Level 2 of the Dungeon.
             The game lasted 00:01:53 (843 turns).

Kae the Firebug (Tengu Fire Elementalist)            Turns: 843, Time: 00:01:53

HP  -1/19        AC  2     Str  8      XL: 3   Next: 35%
MP   7/7         EV 12     Int 16      God:
Gold 45          SH  0     Dex 14      Spells:  2 memorised,  1 level left

Res.Fire  : . . .   See Invis. : .   k - +9 Staff of Wucad Mu
Res.Cold  : . . .   Warding    : .   a - +0 robe
Life Prot.: . . .   Conserve   : .   (no shield)
Res.Poison: .       Res.Corr.  : .   (helmet restricted)
Res.Elec. : .       Clarity    : .   (no cloak)
Sust.Abil.: . .     Spirit.Shd : .   (no gloves)
Res.Mut.  : .       Stasis     : .   (boots unavailable)
Res.Rott. : .       Flight     : .   (no amulet)
Saprovore : . . .                    (no ring)
                                     (no ring)

@: not resistant to hostile enchantments, fairly stealthy
A: beak, talons 3
a: no special abilities


You were on level 2 of the Dungeon.
You were not hungry.

You visited 1 branch of the dungeon, and saw 2 of its levels.

You collected 25 gold pieces.

Inventory:

Hand weapons
 k - the +9,+9 Staff of Wucad Mu (weapon)
   (You found it on level 2 of the Dungeon)
Armour
 a - a +0 robe (worn)
Comestibles
 c - a bread ration
 i - a lemon
Scrolls
 d - a scroll of curse jewellery {unknown}
 e - a scroll of enchant armour {unknown}
 g - a scroll of fog {unknown}
 h - a scroll of teleportation {unknown}
 j - a scroll of enchant weapon II {unknown}
Potions
 f - a potion of restore abilities {unknown}
Books
 b - a book of Flames

   Spells                             Type                      Level
   *Flame Tongue                      Conjuration/Fire             1
   *Throw Flame                       Conjuration/Fire             2
   Conjure Flame                      Conjuration/Fire             3
   Inner Flame                        Hexes/Fire                   3
   Sticky Flame                       Conjuration/Fire             4
   Fireball                           Conjuration/Fire             5


   Skills:
 * Level 0.0 Staves
 - Level 2.1 Dodging
 - Level 2.0 Stealth
 + Level 1.4 Spellcasting
 * Level 3.1 Conjurations
 * Level 3.8 Fire Magic


You had one spell level left.
You knew the following spells:

 Your Spells              Type           Power        Failure   Level  Hunger
a - Flame Tongue          Conj/Fire      ##...        8%          1    ##.....
b - Throw Flame           Conj/Fire      ##....       10%         2    ###....


Dungeon Overview and Level Annotations

Branches:
Dungeon (2/27)

Altars:


Innate Abilities, Weirdness & Mutations

You have a beak for a mouth.
You have claws for feet.


Message History

Found 9 gold pieces.
You sock the worm!
The worm is moderately wounded.
The hobgoblin closely misses you. The worm bites you.
You thump the worm!
The worm is severely wounded.
The hobgoblin hits you with an orcish club.
The worm bites you. The adder closely misses you.
You hit the worm. Your kick misses the worm.
The worm is severely wounded.
The hobgoblin closely misses you. The adder bites you but does no damage.
The worm bites you!
* * * LOW HITPOINT WARNING * * *
You are too injured to fight recklessly!
You are too injured to fight recklessly!
You are too injured to fight recklessly!
You are too injured to fight recklessly!
You are too injured to fight recklessly!
The adder bites you.
You die...

................[
g#.##.##........[ # #.
#.#####.## ..
#.##.##.#####.######.#.
........<................
...........##.#.........
.<.........##.#.........
..#........##.#........$.
..............@S........
##.##.#####.#.gw.......
.. #.. .....####.###
#........... #
#.........### ........#
#########


You could see a worm, an adder and a hobgoblin.

Vanquished Creatures
  A giant mite (D:1)
  7 bats (D:1)
  2 giant cockroaches
  4 hobgoblins (D:1)
  A ball python (D:2)
  3 giant newts (D:1)
  6 goblins (D:1)
  4 kobolds (D:1)
  2 rats (D:1)
30 creatures vanquished.

Notes
Turn   | Place    | Note
--------------------------------------------------------------
     0 | D:1      | Kae, the Tengu Fire Elementalist, began the quest for the Orb.
     0 | D:1      | Reached XP level 1. HP: 10/10 MP: 3/3
    21 | D:1      | Reached XP level 2. HP: 15/15 MP: 3/5
   259 | D:1      | Learned a level 2 spell: Throw Flame
   589 | D:1      | Reached XP level 3. HP: 15/19 MP: 5/7
   843 | D:2      | Slain by an adder

Action                   || total
-------------------------++-------
Melee: Unarmed           ||    27
       Staff             ||     3
 Cast: Flame Tongue      ||    49
